 Dungeon Crawl Stone Soup version 0.28-a0-224-g76b539d98b (webtiles) character file.

Game seed: 7614742696760068965

766 Conn the Firebug (level 7, -1/54 (64) HPs)
             Began as an Octopode Fire Elementalist on Aug 21, 2021.
             Slain by a wight (4 damage)
             ... on level 5 of the Dungeon.
             The game lasted 00:17:02 (6428 turns).

Conn the Firebug (Octopode Fire Elementalist)       Turns: 6428, Time: 00:17:03

HP:   -1/54 (64)    AC:  1    Str:  7      XL:     7   Next: 82%
MP:   8/12          EV: 13    Int: 18 (20) God:
Gold: 204           SH:  5    Dex: 12      Spells: 2/13 levels left

rFire   . . .      SeeInvis .   a - +0 spear (vorpal)
rCold   + . .      Faith    .   (no shield)
rNeg    . . .      Spirit   .   (helmet restricted)
rPois   .          Reflect  +   i - amulet of reflection
rElec   .          Harm     .   b - ring of protection from cold
rCorr   .          Rampage  .   (no ring)
Will    .....                   (no ring)
Stlth   ..........              (no ring)
HPRegen 0.18/turn               (no ring)
MPRegen 0.13/turn               (no ring)
                                (no ring)
                                (no ring)

@: berserking, heavily drained, very quick
A: almost no armour, amphibious, 8 rings, camouflage 1, gelatinous body 1,
(nimble swimmer 1), tentacles
a: no special abilities


You were on level 5 of the Dungeon.
You visited 1 branch of the dungeon, and saw 5 of its levels.

You collected 276 gold pieces.
You spent 72 gold pieces at shops.

Inventory:

Hand Weapons
 a - a +0 vorpal spear (weapon)
Missiles
 d - 8 javelins
Magical Staves
 l - a staff of air
Jewellery
 b - a ring of protection from cold (left tentacle)
 i - an amulet of reflection (around mantle)
Scrolls
 c - a scroll of amnesia {unknown}
 h - a scroll of magic mapping {unknown}
 k - a scroll of immolation {unknown}
Potions
 f - a potion of resistance
 m - a potion of might
 n - 2 potions of invisibility
 o - a potion of magic


   Skills:
 + Level 1.4 Fighting
 + Level 2.5 Polearms
 + Level 2.8 Dodging
 + Level 4.9 Stealth
 + Level 0.7 Shields
 + Level 3.9 Spellcasting
 + Level 3.5 Conjurations
 + Level 5.0 Fire Magic


You had 2 spell levels left.
You knew the following spells:

 Your Spells              Type           Power      Damage    Failure   Level
a - Foxfire               Conj/Fire      76%        2x1d7     2%          1
b - Conjure Flame         Conj/Fire      19%        6-21      8%          3
c - Inner Flame           Hex/Fire       12%        N/A       16%         3
d - Sticky Flame          Conj/Fire      19%        2d4       26%         4

Your spell library contained the following spells:

 Spells                   Type           Power      Damage    Failure   Level
 Ozocubu's Armour         Ice            3%         N/A       41%         3
 Fireball                 Conj/Fire      9%         3d6       56%         5
 Ozocubu's Refrigeration  Ice            1%         4d5       100%        7


Dungeon Overview and Level Annotations

Branches:
Dungeon (5/15)             Temple (0/1) D:4

Altars:
Gozag

Shops:
D:4 *


Innate Abilities, Weirdness & Mutations

You cannot wear most types of armour.
You are amphibious.
You can wear up to eight rings at the same time.
Your skin changes colour to match your surroundings (Stealth+).
Your rubbery body absorbs attacks. (AC +1, EV +1)
((You are camouflaged near water. (Stealth+)))
You have tentacles for arms and can constrict up to eight enemies at once.


Message History

As you read the scroll of identify, it crumbles to dust.
o - a potion of magic
As you read the scroll of identify, it crumbles to dust.
p - a potion of attraction Drop what? 15/52 slots (_ for help) (? for menu, Esc to quit)
You drop 2 scrolls of vulnerability.
You drop a potion of attraction.
Okay, then.
There is an entrance to Qing's Assorted Antiques here.
You see here 23 stones.
There is a stone staircase leading down here.
You climb downwards.
The wight barely misses you.
There is a stone staircase leading up here.
Casting: Foxfire (safe; 2% risk of failure)
Confirm with . or Enter, or press ? or * to list all spells.
The spell is quite dangerous to cast (26% risk of failure)!
Continue anyway?
Aiming: Sticky Flame (quite dangerous; 26% risk of failure)
Press: ? - help, Shift-Dir - straight line, f - wight
Aim: a wight, wielding a +4 mace and wearing a +0 robe (100% to hit)
The sticky flame hits the wight.
The wight is lightly damaged.
The wight is covered in liquid flames!
The wight burns!
The wight hits you with a +4 mace!
You feel drained.
The wight burns!
The wight burns!
The wight burns!
The wight stops burning.
Casting: Sticky Flame (extremely dangerous; 26% risk of failure)
Confirm with . or Enter, or press ? or * to list all spells.
You conjure some foxfire!
The wight hits you with a +4 mace!
* * * LOW HITPOINT WARNING * * *
Unknown command.
Your foxfire dissipates!
The foxfire hits the wight but does no damage.
The wight is almost destroyed.
A red film seems to cover your vision as you go berserk!
You feel yourself moving faster!
You feel mighty! The wight hits you with a +4 mace!
* * * LOW HITPOINT WARNING * * *
You feel drained.
You die...

..#...#######................#
# .##...# #...###(#.......## #
###...#### #.#.# #.##...(.## #
.........# #>#.# #.###...##
.........# #.#.# #.# ##'##
.........# #.#.###.# #.#
#.#...#### #.....(.# #.#
#.#...# #####.########.##
..#...# #..[..@z........##
####### #.###.#.####<....## #
#.# #.#.# #.......##### # #.#
#.#.# #............ # #.#
#.... #.......##### #
#.#####..........##
#.<.....#####...## #########
#####


You could see a wight.

Vanquished Creatures
  A scorpion (D:5)
  2 howler monkeys (D:4)
  A jelly (D:4)
  2 orc priests (D:4)
  A bullfrog skeleton (D:4)
  2 hounds
  3 iguanas
  Ijyb (D:3)
  Natasha (thrice) (D:4)
  5 orc wizards (D:3)
  3 gnolls (D:2)
  4 adders
  An ufetubus (D:4)
  An adder zombie (D:3)
  A worm (D:2)
  6 orcs
  11 bats
  4 endoplasms
  6 giant cockroaches
  8 goblins
  5 hobgoblins
  10 kobolds
  6 quokkas
  4 ball pythons
  5 frilled lizards
  6 rats
102 creatures vanquished.

Vanquished Creatures (others)
  283 foxfires
283 creatures vanquished.

Grand Total: 385 creatures vanquished

Notes
Turn   | Place    | Note
-------+----------+-------------------------------------------
     0 | D:1      | Conn the Octopode Fire Elementalist began the quest for the
                  | Orb.
     0 | D:1      | Reached XP level 1. HP: 11/11 MP: 3/3
   525 | D:1      | Reached XP level 2. HP: 17/17 MP: 1/5
  1152 | D:1      | Reached XP level 3. HP: 21/21 MP: 6/6
  1156 | D:1      | Learned a level 3 spell: Conjure Flame
  1648 | D:2      | Reached skill level 1 in Polearms
  1960 | D:2      | Reached XP level 4. HP: 27/27 MP: 1/7
  2340 | D:3      | Noticed Ijyb
  2347 | D:2      | Learned a level 3 spell: Inner Flame
  2938 | D:3      | Reached skill level 4 in Fire Magic
  2938 | D:3      | Reached XP level 5. HP: 32/32 MP: 1/8
  3072 | D:3      | Reached XP level 6. HP: 21/37 MP: 0/10
  3264 | D:3      | Killed Ijyb
  3920 | D:4      | Found a staircase to the Ecumenical Temple.
  3925 | D:4      | Found Qing's Assorted Antiques.
  4108 | D:4      | Reached skill level 1 in Fighting
  4343 | D:4      | Learned a level 4 spell: Sticky Flame
  4369 | D:4      | Noticed Natasha
  4377 | D:4      | Killed Natasha
  4535 | D:4      | Reached XP level 7. HP: 43/43 MP: 9/12
  4613 | D:4      | Found an opulent altar of Gozag.
  4722 | D:4      | Noticed Natasha
  4737 | D:4      | Killed Natasha
  5074 | D:4      | Noticed Natasha
  5080 | D:4      | Killed Natasha
  5560 | D:5      | Entered Level 5 of the Dungeon
  5700 | D:5      | Reached skill level 5 in Fire Magic
  6389 | D:4      | Bought 2 cyan potions for 36 gold pieces
  6389 | D:4      | Bought a fuming emerald potion for 18 gold pieces
  6389 | D:4      | Bought a dark potion for 18 gold pieces
  6428 | D:5      | Slain by a wight

Illustrated notes

Levels and vault maps discovered:
D:1:      minmay_arrival_split_and_join, layout_basic, minmay_surrounded
D:2:      layout_rooms
D:3:      layout_rooms, minmay_cupped, uniq_ijyb
D:4:      layout_loops_ring, nicolae_gozag_seed_capital,
          minmay_temple_entry_junction_2, serial_shops, shop, uniq_natasha
D:5:      layout_loops_corners, minmay_checkerbox, uniq_prince_ribbit1

Skill      XL: |  1  2  3  4  5  6  7 |
---------------+----------------------+-----
Stealth        | 3 4 |  4.9
Polearms       | 1 2 |  2.5
Fire Magic     | 4 5 |  5.0
Conjurations   | 2 3 |  3.5
Spellcasting   | 3 |  3.9
Fighting       | 1 |  1.4
Dodging        | |  2.8
Shields        | |  0.7

Action                   |  1- 3 |  4- 6 |  7- 9 || total
-------------------------+-------+-------+-------++-------
Melee: Spear             |    65 |    48 |    31 ||   144
       Constrict         |    15 |     7 |    11 ||    33
       Tentacles         |     8 |     7 |    10 ||    25
 Cast: Foxfire           |    27 |    98 |    43 ||   168
       Conjure Flame     |       |     2 |       ||     2
       Sticky Flame      |       |       |     1 ||     1
  Use: Scroll            |       |     6 |     5 ||    11
       Potion            |       |     4 |     2 ||     6
 Stab: Sleeping          |     7 |     2 |     4 ||    13
Armor: Skin              |     3 |       |       ||     3
Dodge: Dodged            |    48 |    28 |    12 ||    88
Block: Other             |     2 |    15 |     7 ||    24

Table legend: (Time is in decaauts)
 A = Elapsed time spent in this place.
 B = Non-inter-level travel time spent in this place.
 C = Inter-level travel time spent in this place.
 D = Time resting spent in this place.
 E = Time spent auto-exploring this place.
 F = Levels seen in this place.
 G = Mean time per level.
                   A        B        C        D        E       F      G
               +--------+--------+--------+--------+--------+-----+--------+
         Total |   6426 |   6367 |     59 |    723 |   3984 |   5 | 1285.2 |
       Dungeon |   6426 |   6367 |     59 |    723 |   3984 |   5 | 1285.2 |
               +--------+--------+--------+--------+--------+-----+--------+

Top non-repeatable levels by time:
     D:4: 1906 daAuts
     D:1: 1413 daAuts
     D:3: 1233 daAuts
     D:2: 1215 daAuts
     D:5: 657 daAuts
